[Event "World Junior Chess Championship U20 2022"]
[White "Vestby-Ellingsen, Mads"]
[Black "Baenziger, Fabian"]
[WhiteFideId "1520857"]
[BlackFideId "1330110"]
[WhiteElo "2365"]
[BlackElo "2439"]
[Result "1/2-1/2"]
[Round "04"]
[TimeControl "5400+30"]
[Date "2022.10.14"]
[WhiteClock "0:01:19"]
[BlackClock "0:19:27"]

1. d4 d5 2. c4 c6 3. Nf3 Nf6 4. Qc2 g6 5. cxd5 cxd5 6. Bf4 Nc6 7. Nc3 Bg7 8. e3 O-O 9. Be2 Nh5 10. Bg5 Qd6 11. O-O h6 12. Bh4 Bf5 13. Qb3 g5 14. Bg3 Nxg3 15. hxg3 e6 16. Rac1 Rab8 17. Na4 Rfc8 18. Nc5 Rc7 19. Bd3 Bxd3 20. Nxd3 Rbc8 21. Qa4 b6 22. Rc2 Nb8 23. Rfc1 Rxc2 24. Rxc2 Rxc2 25. Qxc2 Qc6 26. Qxc6 Nxc6 27. Kf1 Kf8 28. Ke2 Ke7 29. a4 Kd6 30. b4 a6 31. Kd2 f6 32. Nfe1 e5 33. Nc2 e4 34. Nc1 f5 35. Na2 Nd8 36. Ke2 Bf8 37. b5 a5 38. f3 h5 39. f4 g4 40. Kd2 Ke6 41. Nc1 Nf7 42. Ne2 Nh8 43. Kc3 Ng6 44. Kb3 h4 45. gxh4 Nxh4 46. g3 Nf3 47. Kc3 Be7 48. Kb2 Bd6 49. Kb3 Bf8 50. Kb2 Nd2 51. Kc3 Nc4 52. Kb3 Be7 53. Ka2 Nd2 54. Kb2 Nf3 55. Kc3 Ne1 56. Nxe1 Bb4+ 57. Kc2 Bxe1 58. Kd1 Bf2 59. Kd2 Kd6 60. Kd1 Bxe3 61. Ke1 Ke6 62. Kd1 Bf2 63. Kd2 Kf6 64. Kd1 1/2-1/2


[Site "http://www.chessbomb.com"]

[Event "World Junior Chess Championship U20 2022"]
[White "Milikow, Yoav"]
[Black "Utsab, Chatterjee"]
[WhiteFideId "2822237"]
[BlackFideId "46609148"]
[WhiteElo "2412"]
[BlackElo "2345"]
[Result "1/2-1/2"]
[Round "04"]
[TimeControl "5400+30"]
[Date "2022.10.14"]
[WhiteClock "0:20:18"]
[BlackClock "0:24:19"]

1. d4 d5 2. c4 e6 3. Nc3 Nf6 4. Nf3 Be7 5. g3 O-O 6. Bg2 dxc4 7. Ne5 c5 8. dxc5 Qxd1+ 9. Nxd1 Bxc5 10. Ne3 Nbd7 11. N5xc4 Rb8 12. Na5 Ne5 13. Bd2 b6 14. Nb3 Bd6 15. f4 Ned7 16. Nd4 a5 17. Nc6 Rb7 18. f5 Rc7 19. fxe6 Bb7 20. Nd4 Bxg2 21. Nxg2 Be5 22. Bf4 Rc4 23. Bxe5 Nxe5 24. Rd1 fxe6 25. Ne3 Ra4 26. a3 Nc4 27. Nxc4 Rxc4 28. b3 Rc3 29. Nxe6 Re8 30. Nd4 a4 31. bxa4 Rxa3 32. O-O Rxa4 33. Nf5 Rxe2 34. Rd8+ Kf7 35. Rb8 Raa2 36. Rb7+ Kf8 37. Rb8+ Kf7 38. Rb7+ Kf8 1/2-1/2


[Site "http://www.chessbomb.com"]

[Event "World Junior Chess Championship U20 2022"]
[White "Winkelman, Albert"]
[Black "Veiga, Jose Francisco R P Neves"]
[WhiteFideId "3219941"]
[BlackFideId "1930087"]
[WhiteElo "2229"]
[BlackElo "2409"]
[Result "1/2-1/2"]
[Round "04"]
[TimeControl "5400+30"]
[Date "2022.10.14"]
[WhiteClock "0:02:09"]
[BlackClock "0:00:52"]

1. e4 e5 2. Nf3 Nc6 3. Bb5 a6 4. Ba4 Nf6 5. O-O Be7 6. Re1 b5 7. Bb3 d6 8. c3 O-O 9. h3 Nb8 10. d4 Nbd7 11. Nbd2 c5 12. Nf1 Re8 13. Ng3 Bf8 14. a4 Rb8 15. Bc2 g6 16. b3 Bg7 17. d5 b4 18. Bd3 a5 19. Bb5 Rf8 20. Bg5 h6 21. Be3 Ne8 22. Bd3 Ra8 23. Qc1 Kh7 24. h4 Ndf6 25. h5 Ng4 26. Kf1 Nxe3+ 27. Qxe3 Nf6 28. cxb4 axb4 29. Be2 Ng4 30. Qd2 Bf6 31. Bd3 Bg7 32. Be2 Ra7 33. Ra2 Nf6 34. Ng1 Rh8 35. Rea1 Ra5 36. Ke1 Bf8 37. Bf3 Be7 38. N1e2 Ng4 39. Nc1 Bg5 40. Qe2 Nh2 41. Nd3 Ra7 42. Nf1 Nxf1 43. Kxf1 Rf8 44. Nb2 gxh5 45. Bxh5 f5 46. exf5 Bxf5 47. Bf3 Kh8 48. Be4 Bc8 49. a5 Bh4 50. Nd1 Qg5 51. a6 Bg4 52. Qe3 Qh5 53. f3 Bg5 54. Qg1 Bd7 55. Ra5 Bd8 56. R5a2 Bb5+ 57. Ke1 Bh4+ 58. Kd2 Bg5+ 59. Kc2 Rfa8 60. Nb2 Bf4 61. Ra5 Rb8 62. Nd3 Qg5 63. Nxf4 exf4 64. R1a2 Kg8 65. Kb1 Rb6 66. Qh2 Bd7 67. Qh1 Kf8 68. Qe1 Bb5 69. Rxb5 Rxb5 70. Bd3 Rb8 71. Qe6 Rd8 72. Be4 Re7 73. Qh3 Kg7 74. a7 Ra8 75. Ra6 Qf6 76. Qg4+ Kh8 77. Qf5 Qxf5 78. Bxf5 Rexa7 79. Rxd6 Ra1+ 80. Kc2 R8a2+ 81. Kd3 Rc1 82. Rxh6+ Kg7 83. Rg6+ Kf7 84. Rc6 Rxg2 85. Ke4 Rc3 86. Rc7+ Kf6 87. Rc6+ 1/2-1/2


[Site "http://www.chessbomb.com"]

[Event "World Junior Chess Championship U20 2022"]
[White "Nogerbek, Kazybek"]
[Black "Martins, Bruno Andre Leite"]
[WhiteFideId "13710427"]
[BlackFideId "1942255"]
[WhiteElo "2467"]
[BlackElo "2306"]
[Result "1-0"]
[Round "04"]
[TimeControl "5400+30"]
[Date "2022.10.14"]
[WhiteClock "0:26:35"]
[BlackClock "0:01:42"]

1. d4 Nf6 2. Nf3 g6 3. Nc3 d5 4. Bf4 c6 5. e3 Bg7 6. h3 O-O 7. Bd3 Nbd7 8. O-O c5 9. Bb5 c4 10. Bxd7 Bxd7 11. Be5 Bc6 12. a4 b6 13. b3 cxb3 14. cxb3 Qd7 15. Qd3 Rfc8 16. Rfc1 a6 17. Rc2 Qb7 18. Qe2 Bf8 19. Rac1 b5 20. axb5 axb5 21. Na2 Ne8 22. Nb4 Bd7 23. Ne1 Rxc2 24. Rxc2 f6 25. Bg3 e6 26. Ned3 Ra1+ 27. Kh2 Nd6 28. Nc5 Qa7 29. Qf3 Kg7 30. Nc6 Bxc6 31. Nxe6+ Kf7 32. Nd8+ Ke8 33. Nxc6 Qd7 34. Qxf6 Ne4 35. Qe5+ Kf7 36. Qxe4 1-0


[Site "http://www.chessbomb.com"]

[Event "World Junior Chess Championship U20 2022"]
[White "Guz, Ari"]
[Black "Iniyan, P"]
[WhiteFideId "2825759"]
[BlackFideId "25002767"]
[WhiteElo "2305"]
[BlackElo "2541"]
[Result "0-1"]
[Round "04"]
[TimeControl "5400+30"]
[Date "2022.10.14"]
[WhiteClock "0:17:11"]
[BlackClock "1:15:29"]

1. Nf3 Nf6 2. c4 g6 3. Nc3 Bg7 4. g3 O-O 5. Bg2 d6 6. d4 c5 7. dxc5 dxc5 8. Qxd8 Rxd8 9. Be3 Nc6 10. Bxc5 Be6 11. Nd2 Nd7 12. Ba3 Nb6 13. Bxc6 bxc6 14. Bxe7 Rd7 15. Bg5 Nxc4 16. Nxc4 Bxc4 17. Rc1 Re8 18. Be3 Bxc3+ 19. Rxc3 Bxa2 20. O-O Bd5 21. Ra3 Rb7 22. Rxa7 Rxb2 23. Re1 Bc4 24. Kf1 h5 25. Rd7 g5 26. Rd2 Rxd2 27. Bxd2 g4 28. Be3 Ra8 29. Rc1 Bb5 30. Ke1 Ra2 31. Bd2 f5 32. Rc5 Kh7 33. f3 Kg6 34. Rc3 Kf6 35. Re3 Bc4 36. Bc3+ Kg6 37. Kf2 Rc2 38. Ba5 Bd5 39. f4 Be4 40. Be1 Kf7 41. Rc3 Ra2 42. Ke3 Ra1 43. Kd2 Ke6 44. Rc1 Ra3 45. Bf2 Ra2+ 46. Ke1 Kd5 47. Be3 Bc2 48. Bf2 Be4 49. Rc5+ Kd6 50. Rc1 Ra5 51. Bd4 c5 52. Be5+ Kd5 53. Ra1 Rb5 54. Kd2 Rb3 55. Bc3 Rb6 56. Bg7 Rg6 57. Ra7 Kc4 58. Bf8 Rg8 59. Rf7 Rh8 60. Rf6 Rh7 61. Rh6 Rd7+ 62. Ke3 Rd8 63. Bg7 Kb3 64. Rxh5 c4 65. Rh8 Rd7 66. Bd4 c3 67. Bxc3 Kxc3 68. h3 Re7 69. Rc8+ Kb4 70. hxg4 Bb7+ 0-1


[Site "http://www.chessbomb.com"]

[Event "World Junior Chess Championship U20 2022"]
[White "Manish, Anto Cristiano F"]
[Black "Budisavljevic, Luka"]
[WhiteFideId "25095927"]
[BlackFideId "960047"]
[WhiteElo "2332"]
[BlackElo "2524"]
[Result "1-0"]
[Round "04"]
[TimeControl "5400+30"]
[Date "2022.10.14"]
[WhiteClock "0:12:53"]
[BlackClock "0:12:10"]

1. e4 c5 2. Nf3 e6 3. d4 cxd4 4. Nxd4 a6 5. Bd3 Bc5 6. Nb3 Ba7 7. O-O Ne7 8. Qe2 Nbc6 9. Be3 O-O 10. c4 Bxe3 11. Qxe3 d5 12. exd5 exd5 13. c5 d4 14. Qd2 a5 15. Na3 a4 16. Nc1 Qd5 17. Qc2 Bf5 18. Bxf5 Nxf5 19. Qc4 Qe4 20. Qc2 Qd5 21. Qc4 Qe4 22. Qc2 Qg4 23. Nd3 Rae8 24. Qd1 Qe4 25. Nc4 Nh4 26. f3 Qd5 27. Qxa4 Nf5 28. Qb3 Ne3 29. Nxe3 Qxb3 30. axb3 dxe3 31. Rfe1 Nd4 32. Rac1 Re7 33. Nb4 Re5 34. Rc3 Rfe8 35. Nc2 Nxc2 36. Rxc2 f5 37. f4 Re4 38. g3 g5 39. fxg5 f4 40. Kg2 R8e5 41. Kf3 fxg3 42. hxg3 Kf7 43. Rh2 Rb4 44. Rxe3 Rf5+ 45. Kg2 Rxc5 46. Rxh7+ Kg6 47. Rh4 Rcb5 48. Re5 Rxb3 49. Rh6+ Kg7 50. Re7+ Kg8 51. Rd6 Rxb2+ 52. Kh3 Rf2 53. g6 Rf8 54. Rdd7 Rf6 55. g7 Kh7 56. Re8 Rh6+ 57. Kg2 Rb2+ 58. Kf3 Rf6+ 59. Ke3 Rb3+ 60. Kd4 1-0


[Site "http://www.chessbomb.com"]

[Event "World Junior Chess Championship U20 2022"]
[White "Blohberger, Felix"]
[Black "Lumachi, Gabriele"]
[WhiteFideId "1632051"]
[BlackFideId "2817247"]
[WhiteElo "2493"]
[BlackElo "2387"]
[Result "1-0"]
[Round "04"]
[TimeControl "5400+30"]
[Date "2022.10.14"]
[WhiteClock "0:22:59"]
[BlackClock "0:14:10"]

1. d4 d5 2. c4 e6 3. Nc3 Nf6 4. cxd5 exd5 5. Bg5 c6 6. e3 h6 7. Bh4 Be7 8. Bd3 O-O 9. Nge2 Re8 10. O-O Nbd7 11. a4 Nh5 12. Bxe7 Qxe7 13. a5 Qg5 14. a6 b5 15. Nc1 Ndf6 16. Be2 b4 17. Na4 Ng4 18. Qd2 Nhf6 19. Nc5 Ne4 20. Nxe4 dxe4 21. Qxb4 Qh4 22. Qd6 h5 23. Nb3 Be6 24. Nc5 Bd5 25. Qg3 Qxg3 26. hxg3 g5 27. Rfc1 Kg7 28. Ra5 f5 29. Nb7 f4 30. gxf4 gxf4 31. exf4 e3 32. f3 Nh6 33. Bd3 Re7 34. Re1 Rf8 35. Be4 Rxf4 36. Bxd5 cxd5 37. Rxd5 Nf5 38. Nd6 Nxd6 39. Rxd6 Rf6 40. Rd5 Rxa6 41. Rxh5 Rb6 42. Re2 Rb3 43. Rc5 Kf6 44. Rc3 1-0


[Site "http://www.chessbomb.com"]

[Event "World Junior Chess Championship U20 2022"]
[White "Dauw, Sterre"]
[Black "Ramoutar, Alan-Safar"]
[WhiteFideId "248886"]
[BlackFideId "7704224"]
[WhiteElo "2287"]
[BlackElo "2449"]
[Result "1-0"]
[Round "04"]
[TimeControl "5400+30"]
[Date "2022.10.14"]
[WhiteClock "0:21:16"]
[BlackClock "0:01:43"]

1. e4 c6 2. d4 d5 3. Nc3 dxe4 4. Nxe4 Nf6 5. Nxf6+ exf6 6. c3 Qd5 7. Nf3 Bd6 8. c4 Bb4+ 9. Bd2 Qd6 10. Bxb4 Qxb4+ 11. Qd2 Qd6 12. Be2 O-O 13. O-O Bg4 14. h3 Bxf3 15. Bxf3 Na6 16. Rfd1 Nc7 17. b4 Rad8 18. h4 f5 19. Qc3 Qf6 20. Rac1 Qxh4 21. d5 cxd5 22. Qe5 Ne6 23. g3 Qg5 24. cxd5 f4 25. Qe4 fxg3 26. dxe6 fxe6 27. fxg3 Qxg3+ 28. Bg2 Qf2+ 29. Kh1 Rxd1+ 30. Rxd1 Qxa2 31. Bh3 Kh8 32. Qxe6 Qxe6 33. Bxe6 g6 34. Rd7 Rf6 35. Bd5 Rf5 36. b5 h5 37. Bc4 Rc5 38. Bf1 Rc1 39. Kg1 g5 40. Rxb7 Ra1 41. Rf7 Ra3 42. Rf5 Rg3+ 43. Kh2 h4 44. Rf6 Ra3 45. Rg6 Ra2+ 46. Kg1 Ra5 47. Kf2 Kh7 48. Rxg5 a6 49. Bd3+ Kh8 50. Rh5+ Kg8 51. b6 Ra2+ 52. Be2 Rb2 53. Rb5 1-0


[Site "http://www.chessbomb.com"]

[Event "World Junior Chess Championship U20 2022"]
[White "Carlo, Emanuele"]
[Black "Neelash, Saha"]
[WhiteFideId "2825380"]
[BlackFideId "5094160"]
[WhiteElo "2306"]
[BlackElo "2446"]
[Result "1-0"]
[Round "04"]
[TimeControl "5400+30"]
[Date "2022.10.14"]
[WhiteClock "0:03:27"]
[BlackClock "0:09:26"]

1. e4 e5 2. Nf3 Nf6 3. Nxe5 d6 4. Nf3 Nxe4 5. Nc3 Nxc3 6. dxc3 Be7 7. Be3 Nc6 8. Qd2 Bf5 9. O-O-O Qd7 10. Bd3 O-O 11. Nd4 Nxd4 12. Bxd4 Be6 13. c4 f5 14. Rhe1 Bf6 15. Bxf6 Rxf6 16. Qc3 Qc6 17. Be2 Rb8 18. Bf3 Qc5 19. Rd4 a5 20. b3 c6 21. Kb2 Re8 22. a3 Bf7 23. Red1 a4 24. b4 Qe5 25. Rxd6 Qxd6 26. Rxd6 Rxd6 27. b5 cxb5 28. cxb5 Rd7 29. Qa5 Rc8 30. Qxa4 Rdc7 31. Be2 Rc3 32. Bd3 g6 33. Qd4 R3c5 34. a4 Bd5 35. f3 Kf7 36. h4 Be6 37. h5 Rd5 38. Qf4 gxh5 39. Qh6 Rd4 40. Qxh7+ Kf6 41. Qh6+ Kf7 42. Qxh5+ Kf6 43. Qh6+ Kf7 44. g4 Rb4+ 45. Ka3 Rb1 46. c4 Ra1+ 47. Kb4 Ra8 48. Qh7+ 1-0


[Site "http://www.chessbomb.com"]

[Event "World Junior Chess Championship U20 2022"]
[White "Boyer, Mahel"]
[Black "Lux, Hugo de Melo"]
[WhiteFideId "45102422"]
[BlackFideId "2138298"]
[WhiteElo "2445"]
[BlackElo "2309"]
[Result "0-1"]
[Round "04"]
[TimeControl "5400+30"]
[Date "2022.10.14"]
[WhiteClock "0:01:50"]
[BlackClock "0:01:53"]

1. d4 d5 2. c4 dxc4 3. Nf3 Nf6 4. e3 Be6 5. Nc3 h6 6. e4 c6 7. a4 Nbd7 8. Nd2 Qa5 9. Bxc4 Bxc4 10. Nxc4 Qb4 11. Qe2 Nxe4 12. O-O Nd6 13. Nxd6+ Qxd6 14. d5 e6 15. Re1 cxd5 16. Nb5 Qb8 17. Qg4 Nf6 18. Qh4 Bd6 19. Bg5 Bxh2+ 20. Kf1 hxg5 21. Qxh8+ Ke7 22. Qxg7 Qf4 23. Re2 Rg8 24. Qh6 Ne4 25. Ra3 Qc1+ 26. Re1 Qc4+ 27. Re2 Nd2+ 28. Ke1 Qc1# 0-1


[Site "http://www.chessbomb.com"]

[Event "World Junior Chess Championship U20 2022"]
[White "Ansat, Aldiyar"]
[Black "Harshavardhan, G B"]
[WhiteFideId "13715658"]
[BlackFideId "25059009"]
[WhiteElo "2262"]
[BlackElo "2433"]
[Result "1-0"]
[Round "04"]
[TimeControl "5400+30"]
[Date "2022.10.14"]
[WhiteClock "0:07:18"]
[BlackClock "0:05:43"]

1. e4 e5 2. Nf3 Nc6 3. Bb5 a6 4. Ba4 d6 5. O-O Bg4 6. h3 h5 7. d4 b5 8. Bb3 Nxd4 9. hxg4 hxg4 10. Ng5 Nh6 11. Bd5 c6 12. c3 cxd5 13. cxd4 Be7 14. Qd2 Bxg5 15. Qxg5 Qxg5 16. Bxg5 dxe4 17. dxe5 dxe5 18. Nc3 f5 19. Rfd1 Nf7 20. Be3 Rc8 21. Rac1 O-O 22. g3 g5 23. Nd5 Rxc1 24. Rxc1 f4 25. Bb6 Kg7 26. Rc6 Rh8 27. Nf6 e3 28. fxe3 Rh3 29. Ne4 Nh8 30. exf4 gxf4 31. gxf4 Rf3 32. Ng5 Rg3+ 33. Kf2 exf4 34. Bd4+ Kf8 35. Bxh8 Rd3 36. Bf6 Ke8 37. Rc8+ 1-0


[Site "http://www.chessbomb.com"]

[Event "World Junior Chess Championship U20 2022"]
[White "Brahami, Lamine"]
[Black "Moksh, Amit Doshi"]
[WhiteFideId "7905637"]
[BlackFideId "25064967"]
[WhiteElo "2188"]
[BlackElo "2430"]
[Result "1/2-1/2"]
[Round "04"]
[TimeControl "5400+30"]
[Date "2022.10.14"]
[WhiteClock "0:04:48"]
[BlackClock "0:46:18"]

1. d4 Nf6 2. Nf3 d5 3. c4 e6 4. Bg5 dxc4 5. Nc3 a6 6. a4 Nc6 7. e3 Na5 8. Ne5 c5 9. dxc5 Qxd1+ 10. Rxd1 Bxc5 11. Bxc4 Nd7 12. Ba2 f6 13. Nxd7 Bxd7 14. Bf4 Bb4 15. O-O Bxc3 16. bxc3 Bxa4 17. Rd6 e5 18. Bg3 Bb3 19. Bxb3 Nxb3 20. f4 exf4 21. exf4 O-O 22. Rb1 Nc5 23. Rd5 Ne4 24. Rxb7 Rf7 25. Rb3 Rc7 26. Be1 a5 27. Ra3 Rc5 28. Rd4 f5 29. g4 Nf6 30. gxf5 Rxf5 31. Rda4 Re8 32. Bg3 Ra8 33. Bf2 Ra6 34. Bd4 Nd7 35. Be3 Re6 36. Kf2 Ne5 37. Kg3 Rg6+ 38. Kf2 Ng4+ 39. Kf3 Nxh2+ 40. Ke4 Rf8 41. Rxa5 Ng4 42. Bd4 Nf6+ 43. Kf3 h5 44. Ra2 h4 45. Rg5 Rh6 46. Rh2 Rf7 47. c4 Nh7 48. Rg4 g5 49. c5 Rxf4+ 50. Rxf4 gxf4 51. Kxf4 Kf7 52. Ke4 Ke6 53. Ra2 Nf6+ 54. Bxf6 Rxf6 55. Ra6+ Ke7 56. Rxf6 Kxf6 57. Kf4 Ke6 58. Kg4 Kd5 59. Kxh4 Kxc5 1/2-1/2


[Site "http://www.chessbomb.com"]

[Event "World Junior Chess Championship U20 2022"]
[White "Kanyamarala, Tarun"]
[Black "Asllani, Dorian"]
[WhiteFideId "45004714"]
[BlackFideId "1341332"]
[WhiteElo "2407"]
[BlackElo "2202"]
[Result "1/2-1/2"]
[Round "04"]
[TimeControl "5400+30"]
[Date "2022.10.14"]
[WhiteClock "0:14:21"]
[BlackClock "0:19:37"]

1. e4 c5 2. Nc3 Nc6 3. Nf3 g6 4. Bb5 Bg7 5. O-O Nf6 6. e5 Nh5 7. Re1 Nf4 8. d4 cxd4 9. Nxd4 Nxd4 10. Qxd4 Ne6 11. Qh4 O-O 12. Bh6 d5 13. Rad1 d4 14. Ne4 Bxh6 15. Qxh6 Qd5 16. Ba4 Qxe5 17. Qh4 g5 18. Qh5 Qg7 19. Bb3 h6 20. h4 Nf4 21. Qf3 e5 22. hxg5 hxg5 23. Nd6 Qf6 24. Nxc8 Raxc8 25. Qxb7 a6 26. Qe4 Rc5 27. Rd2 Kg7 28. g3 Ng6 29. Rd3 Qc6 30. Qxc6 Rxc6 31. Rc1 Rd8 32. Re1 Rdc8 33. Kg2 f6 34. c3 Rd6 35. cxd4 exd4 36. Red1 Rcd8 37. Rc1 Ne5 38. Rdd1 g4 39. Rc7+ R8d7 40. Rc8 Rd8 41. Rc7+ R8d7 42. Rc8 Rd8 1/2-1/2


[Site "http://www.chessbomb.com"]

[Event "World Junior Chess Championship U20 2022"]
[White "Bournel, Antoine"]
[Black "Johannsson, Birkir Isak"]
[WhiteFideId "26093553"]
[BlackFideId "2314673"]
[WhiteElo "2402"]
[BlackElo "2165"]
[Result "1/2-1/2"]
[Round "04"]
[TimeControl "5400+30"]
[Date "2022.10.14"]
[WhiteClock "0:04:42"]
[BlackClock "0:12:09"]

1. d4 d5 2. Nf3 Nf6 3. c4 e6 4. Nc3 c6 5. Bg5 Nbd7 6. cxd5 exd5 7. e3 h6 8. Bh4 Be7 9. Bd3 O-O 10. Qc2 Re8 11. O-O Ne4 12. Bxe4 Bxh4 13. Bh7+ Kh8 14. Bf5 Be7 15. Rab1 Bd6 16. b4 a6 17. Na4 Qe7 18. Nc5 Nb6 19. Bxc8 Raxc8 20. Nd2 Kg8 21. Rfe1 Qc7 22. g3 Re7 23. a4 Nd7 24. Ndb3 Nf6 25. Rec1 g6 26. Qe2 Qd8 27. Ra1 Ra8 28. Qe1 Qb6 29. Na5 Rc8 30. Rab1 Rcc7 31. Ncxb7 Rxb7 32. Rxc6 Qd8 33. Nxb7 Rxb7 34. Rxa6 h5 35. b5 h4 36. Qa5 Qd7 37. Ra8+ Bb8 38. Rc1 Kg7 39. Qe1 Qf5 40. Qe2 Ne4 41. g4 Qf6 42. Ra6 Bd6 43. Rcc6 Rd7 44. f3 Ng5 45. f4 Ne4 46. Ra8 Re7 47. Kg2 h3+ 48. Kxh3 g5 49. Rcc8 Qh6+ 50. Kg2 Nf6 51. Rh8 Qxh8 52. Rxh8 Kxh8 53. fxg5 Ne4 54. b6 Nxg5 55. a5 1/2-1/2


[Site "http://www.chessbomb.com"]

[Event "World Junior Chess Championship U20 2022"]
[White "Wartiovaara, Oliver"]
[Black "Tan, Jun Ying"]
[WhiteFideId "513024"]
[BlackFideId "5710413"]
[WhiteElo "2297"]
[BlackElo "2189"]
[Result "1/2-1/2"]
[Round "04"]
[TimeControl "5400+30"]
[Date "2022.10.14"]
[WhiteClock "0:20:28"]
[BlackClock "0:02:58"]

1. e4 c6 2. Nf3 d5 3. d3 Bg4 4. h3 Bh5 5. Nc3 e6 6. g4 Bg6 7. h4 dxe4 8. h5 Bxh5 9. Ne5 Bg6 10. Nxg6 fxg6 11. Nxe4 Nf6 12. Bg2 Nbd7 13. g5 Nxe4 14. Bxe4 Ne5 15. f4 Nf7 16. Qg4 Qd7 17. Bd2 O-O-O 18. Bc3 e5 19. Qg1 Kb8 20. fxe5 Be7 21. Bd2 Nxe5 22. O-O-O Qe6 23. Kb1 Nf7 24. Be3 a6 25. Rd2 Nd6 26. Bf3 Nf5 27. Bb6 Rde8 28. Re2 Qd7 29. a3 Bd6 30. Rg2 Be5 31. Rg4 Bc7 32. Rb4 Re6 33. Qg4 Bxb6 34. Rxb6 Qd4 35. Rb4 Qxg4 36. Bxg4 h5 37. gxh6 Rxh6 38. Rg1 Re5 39. Bf3 Kc7 40. Rbg4 Ne7 41. Be4 Re6 42. b4 Rf6 43. Rg5 Kd7 44. a4 Ke8 45. b5 cxb5 46. Bxb7 bxa4 47. Be4 Rb6+ 48. Kc1 Rb5 49. c4 Rb3 50. Ra5 Rh2 51. Rxa4 Nf5 52. Rg2 Rxg2 53. Bxg2 Rxd3 54. Rxa6 Rc3+ 55. Kd2 Rxc4 56. Rxg6 Rd4+ 57. Ke2 Kf7 58. Ra6 g6 59. Bh3 Re4+ 60. Kf2 Ne7 61. Kf3 Re1 62. Kf2 Re5 63. Bg4 Rc5 64. Kg3 Kg7 65. Re6 Nd5 66. Bf3 Rc3 67. Kg4 Nf6+ 68. Kg3 g5 69. Kf2 Kg6 70. Rc6 Ra3 71. Be4+ Kf7 72. Bf3 Ra2+ 73. Kg3 Ra3 74. Kf2 Ra4 75. Kg3 Rf4 76. Ra6 Kg6 77. Rb6 Ra4 78. Rc6 Ra5 79. Rb6 Kf5 80. Rc6 Ra3 81. Rc5+ Ke6 82. Rc6+ Ke5 83. Rc5+ Kd4 84. Rf5 Ne4+ 85. Kg4 Nd2 86. Bd5 Nf1 87. Rxf1 Kxd5 88. Kxg5 1/2-1/2


[Site "http://www.chessbomb.com"]

[Event "World Junior Chess Championship U20 2022"]
[White "Muradli, Mahammad"]
[Black "Cotic, Borna"]
[WhiteFideId "13409301"]
[BlackFideId "14542307"]
[WhiteElo "2550"]
[BlackElo "2133"]
[Result "1-0"]
[Round "04"]
[TimeControl "5400+30"]
[Date "2022.10.14"]
[WhiteClock "0:44:17"]
[BlackClock "0:04:06"]

1. c4 e6 2. Nf3 d5 3. g3 Nf6 4. Bg2 Be7 5. d4 O-O 6. O-O Nbd7 7. Qd3 c6 8. Nc3 b6 9. cxd5 cxd5 10. Bf4 a6 11. Rfc1 Bb7 12. Na4 Rc8 13. Rxc8 Qxc8 14. Rc1 Qa8 15. Qb3 b5 16. Nc5 Rc8 17. Qe3 Nxc5 18. dxc5 Ne4 19. b4 a5 20. a3 axb4 21. axb4 Qa4 22. Qd4 Qa2 23. Ne5 f6 24. Bxe4 fxe5 25. Bxe5 dxe4 26. Qd7 Qd5 27. Qxe7 Qxe5 28. Qxb7 Rf8 29. Qxb5 e3 30. f4 Qb2 31. Qc4 Kh8 32. c6 1-0


[Site "http://www.chessbomb.com"]

[Event "World Junior Chess Championship U20 2022"]
[White "Sitbon, Itay"]
[Black "Parkhov, Yair"]
[WhiteFideId "2820706"]
[BlackFideId "2813408"]
[WhiteElo "2133"]
[BlackElo "2484"]
[Result "1/2-1/2"]
[Round "04"]
[TimeControl "5400+30"]
[Date "2022.10.14"]
[WhiteClock "0:10:27"]
[BlackClock "0:04:22"]

1. d4 Nf6 2. c4 e6 3. Nf3 d5 4. g3 Bb4+ 5. Bd2 a5 6. Qc2 O-O 7. Bg2 c5 8. cxd5 cxd4 9. Nxd4 Qb6 10. Nf3 exd5 11. O-O Nc6 12. Bg5 Ne4 13. Be3 Qa6 14. a3 Be7 15. Rd1 Rd8 16. Nbd2 Bf5 17. Nxe4 Bxe4 18. Qd2 a4 19. Nd4 Bxg2 20. Kxg2 Bf6 21. Nxc6 bxc6 22. Rac1 d4 23. Bf4 Qb5 24. Qd3 Qxb2 25. Rxc6 Re8 26. Rd2 Qb3 27. Qf3 Ra7 28. Rd3 Qb5 29. h4 Rae7 30. Rc2 Re6 31. Rcd2 h6 32. h5 Qc4 33. e3 dxe3 34. Rxe3 Rxe3 35. Bxe3 Qc3 36. Bf4 Qxf3+ 37. Kxf3 Rc8 38. Bd6 Rc3+ 39. Ke4 Rb3 40. Rd3 Rb2 41. f3 g6 42. hxg6 fxg6 43. Bb4 Re2+ 44. Kd5 h5 45. Kc4 g5 46. Kb5 h4 47. gxh4 gxh4 48. f4 Kf7 49. Kxa4 Ke6 50. Kb5 Kf5 51. a4 Kg4 52. a5 h3 53. a6 Ra2 54. Rd1 h2 55. Rh1 Bd4 56. Bc5 Bxc5 57. Kxc5 Kxf4 58. a7 Kg3 59. Kb6 Kg2 60. Rb1 1/2-1/2


[Site "http://www.chessbomb.com"]

[Event "World Junior Chess Championship U20 2022"]
[White "Gov, Guy"]
[Black "Siddharth, Jagadeesh"]
[WhiteFideId "2820200"]
[BlackFideId "5818320"]
[WhiteElo "2121"]
[BlackElo "2415"]
[Result "0-1"]
[Round "04"]
[TimeControl "5400+30"]
[Date "2022.10.14"]
[WhiteClock "0:03:02"]
[BlackClock "0:17:27"]

1. e4 c6 2. d4 d5 3. Nc3 dxe4 4. Nxe4 Nf6 5. Nxf6+ exf6 6. c3 Bd6 7. Bd3 O-O 8. Ne2 Re8 9. Qc2 h5 10. Be3 Nd7 11. O-O-O Nf8 12. Ng3 g6 13. Ne4 Be7 14. Kb1 Be6 15. h3 h4 16. g3 f5 17. Nd2 Bd6 18. Bh6 hxg3 19. fxg3 Bxg3 20. h4 Bd5 21. Rh3 f4 22. Ne4 Bxe4 23. Bxe4 Qe7 24. Bd3 Ne6 25. Rf1 Rad8 26. Bc4 b5 27. Bg5 Qd7 28. Bb3 c5 29. Bxd8 c4 30. Bf6 Nxd4 31. Qg2 Qf5+ 32. Ka1 Nxb3+ 33. axb3 Qxf6 34. bxc4 bxc4 35. Qb7 Qe6 36. Rhh1 Qf5 37. h5 Re5 38. Qb8+ Kg7 39. b4 cxb3 40. Kb2 Qc2+ 41. Ka3 Qxc3 0-1


[Site "http://www.chessbomb.com"]

[Event "World Junior Chess Championship U20 2022"]
[White "Tripodi, Enzo"]
[Black "Gaal, Zsoka"]
[WhiteFideId "2822674"]
[BlackFideId "777765"]
[WhiteElo "2113"]
[BlackElo "2298"]
[Result "0-1"]
[Round "04"]
[TimeControl "5400+30"]
[Date "2022.10.14"]
[WhiteClock "0:23:24"]
[BlackClock "0:18:40"]

1. e4 c6 2. c4 d5 3. exd5 cxd5 4. cxd5 Nf6 5. Nc3 Nxd5 6. Nf3 Nc6 7. d4 Bg4 8. Qb3 Bxf3 9. gxf3 Nb6 10. Be3 e6 11. O-O-O Be7 12. d5 exd5 13. Bxb6 Qxb6 14. Qxb6 axb6 15. Rxd5 O-O 16. Kb1 Bc5 17. Ne4 Nb4 18. Rd7 Rfd8 19. Rxd8+ Rxd8 20. Be2 Kf8 21. Rc1 Bd6 22. Bb5 Bf4 23. Re1 f5 24. a3 fxe4 25. axb4 exf3 26. Re4 g5 27. h4 h6 28. Re6 Kg7 29. hxg5 hxg5 30. Re7+ Kf6 31. Rd7 Rh8 32. Rxb7 Rh2 33. Rxb6+ Ke5 34. Rg6 Rxf2 35. Ba6 Re2 36. Rg8 Re1+ 37. Ka2 f2 38. Kb3 f1=Q 39. Bxf1 Rxf1 40. b5 Kd5 41. Rg6 Re1 42. Ka4 Ra1+ 43. Kb4 Bd2+ 44. Kb3 Ra5 45. b6 Rb5+ 46. Kc2 Bf4 47. Kc3 Kc5 48. Re6 Rxb6 49. Re8 Rg6 50. Kd3 g4 51. b4+ Kb5 52. Ke2 g3 53. Kf1 g2+ 54. Kg1 Bh2+ 0-1


[Site "http://www.chessbomb.com"]

[Event "World Junior Chess Championship U20 2022"]
[White "Javornik, Nik"]
[Black "Zemach, Nadav"]
[WhiteFideId "14636549"]
[BlackFideId "2820927"]
[WhiteElo "2064"]
[BlackElo "2293"]
[Result "0-1"]
[Round "04"]
[TimeControl "5400+30"]
[Date "2022.10.14"]
[WhiteClock "0:29:00"]
[BlackClock "0:29:48"]

1. e4 e5 2. Nc3 Nf6 3. Bc4 Nc6 4. d3 Bb4 5. Ne2 d5 6. exd5 Nxd5 7. O-O Nxc3 8. Nxc3 O-O 9. a3 Bxc3 10. bxc3 Re8 11. f4 exf4 12. Bxf4 Be6 13. Bxe6 Rxe6 14. Rb1 b6 15. Qf3 Qd7 16. Rb5 Rae8 17. Rg5 f6 18. Rg4 Kh8 19. Qh3 Re2 20. d4 Rxc2 21. Bh6 gxh6 22. Qh4 Qe6 23. Re4 Rxg2+ 0-1


[Site "http://www.chessbomb.com"]